 Dungeon Crawl Stone Soup version 0.16.2-12-gd0ad4c3 (webtiles) character file.

75 hannobal the Magician (level 4, -5/24 HPs)
             Began as a Deep Elf Wizard on Oct 7, 2015.
             Slain by an orc
             ... wielding a +0 club
              (7 damage)
             ... on level 3 of the Dungeon.
             The game lasted 00:10:55 (2453 turns).

hannobal the Magician (Deep Elf Wizard)             Turns: 2453, Time: 00:10:55

Health: -5/24      AC:  4    Str:  5    XL:     4   Next: 11%
Magic:  14/17      EV: 12    Int: 23    God:
Gold:   77         SH:  0    Dex: 13    Spells: 6 memorised, 0 levels left

rFire  . . .     SeeInvis .     k - +1 hunting sling
rCold  . . .     Clarity  .     a - +0 robe
rNeg   . . .     SustAb   .     (no shield)
rPois  +         Gourm    .     b - +1 hat
rElec  .         Spirit   .     (no cloak)
rCorr  .         Warding  .     (no gloves)
rMut   .         Stasis   .     o - +0 pair of boots
MR     .....                    (no amulet)
Stlth  ++........               (no ring)
                                (no ring)

@: repel missiles, not resistant to hostile enchantments, unstealthy
A: poison resistance, screaming 1, evolution 1
a: no special abilities


You were on level 3 of the Dungeon.
You were hungry.

You visited 1 branch of the dungeon, and saw 3 of its levels.

You collected 77 gold pieces.

Inventory:

Hand weapons
 j - a +0 club
 k - a +1 hunting sling (weapon)
 l - a +0 dagger
 m - a +0 short sword
 r - a +0 falchion
Missiles
 e - 28 arrows
 f - 63 bolts
 g - 71 stones (quivered)
Armour
 a - a +0 robe (worn)
 b - a +1 hat (worn)
 o - a +0 pair of boots (worn)
 s - a +1 chain mail of cold resistance
Magical devices
 h - a wand of digging (4)
Scrolls
 i - 3 scrolls of identify
Books
 c - a book of Minor Magic

   Spells                             Type                      Level
   a - Magic Dart                     Conjuration                  1
   b - Blink                          Translocation                2
   c - Call Imp                       Summoning                    2
   d - Repel Missiles                 Charms/Air                   2
   e - Slow                           Hexes                        2
   f - Conjure Flame                  Conjuration/Fire             3
   g - Mephitic Cloud                 Conjuration/Poison/Air       3
Comestibles
 d - a bread ration {@e1}
 n - 2 meat rations {@e2}
 p - a beef jerky
 q - 3 fruits
 t - 3 chunks of flesh {@w0}


   Skills:
 - Level 2.4 Dodging
 - Level 2.4 Stealth
 - Level 5.0 Spellcasting
 - Level 3.0 Conjurations
 - Level 1.1 Summonings
 - Level 1.1 Translocations
 - Level 1.0 Fire Magic
 - Level 1.2 Air Magic
 + Level 0.9 Poison Magic


You couldn't memorise any spells.
You knew the following spells:

 Your Spells              Type           Power        Failure   Level  Hunger
b - Blink                 Tloc           N/A          12%         2    None
c - Conjure Flame         Conj/Fire      ###.....     14%         3    ##.....
i - Call Imp              Summ           ##......     12%         2    None
p - Mephitic Cloud        Conj/Pois/Air  ##......     17%         3    ##.....
r - Repel Missiles        Chrm/Air       #.....       14%         2    None
z - Magic Dart            Conj           ###.         2%          1    None


Dungeon Overview and Level Annotations

Branches:
Dungeon (3/15)

Altars:
Elyvilon
Kikubaaqudgha


Innate Abilities, Weirdness & Mutations

Your system is resistant to poisons.
You occasionally shout uncontrollably at your foes.
You evolve.


Message History

The kobold is engulfed in noxious fumes.
The kobold appears confused.
The adder is engulfed in noxious fumes.
The adder appears confused.
The goblin shoots a stone.
The stone closely misses you.
Unknown command.
The adder is engulfed in noxious fumes.
The adder appears confused.
The adder barely misses itself.
The kobold is engulfed in noxious fumes.
The kobold appears confused.
The goblin shoots a stone.
The stone hits you.
* * * LOW HITPOINT WARNING * * *
The hobgoblin laughs at nothing.
The adder is engulfed in noxious fumes.
You see here a stone.
The kobold is engulfed in noxious fumes.
The kobold appears confused.
The goblin shoots a stone.
The stone closely misses you.
The stone hits the kobold.
The kobold dies!
The adder misses the orc.
The orc hits you with a club!
You die...

.......# #...#
#.###' ........#
#...# #.....
........####...#
#.....
...............#
#...%.
####........###
#.###. #.g......#
#.# #.
#####....(...# #.#
#. #...§§o......#
#.# #§
#...(§@S.....#####.#
#§
#.g.§.#......).....#
#o
#.....##############
#o #.(...# .o
####### ..


You could see an adder (confused), an orc, a hobgoblin (confused) and a goblin.

Vanquished Creatures
  Terence (D:2)
  An adder (D:2)
  4 giant geckos
  An orc (D:3)
  9 bats
  2 giant cockroaches
  3 goblins
  7 hobgoblins
  7 kobolds
  A quokka (D:3)
  7 giant newts
  6 rats
49 creatures vanquished.

Vanquished Creatures (others)
  A kobold (D:3)
1 creature vanquished.

Grand Total: 50 creatures vanquished

Notes
Turn   | Place    | Note
--------------------------------------------------------------
     0 | D:1      | hannobal, the Deep Elf Wizard, began the quest for the Orb.
     0 | D:1      | Reached XP level 1. HP: 10/10 MP: 6/6
   491 | D:1      | Reached XP level 2. HP: 15/15 MP: 6/9
   495 | D:1      | Learned a level 2 spell: Call Imp
   842 | D:1      | Learned a level 2 spell: Blink
   985 | D:2      | Reached XP level 3. HP: 16/19 MP: 1/13
  1098 | D:2      | Found an ancient bone altar of Kikubaaqudgha.
  1109 | D:2      | Noticed Terence
  1135 | D:1      | Learned a level 3 spell: Mephitic Cloud
  1139 | D:1      | Learned a level 3 spell: Conjure Flame
  1158 | D:2      | Reached skill level 5 in Spellcasting
  1274 | D:2      | Found a white marble altar of Elyvilon.
  1396 | D:2      | Reached skill level 1 in Fire Magic
  1999 | D:2      | Killed Terence
  1999 | D:2      | Reached skill level 1 in Air Magic
  2010 | D:2      | Gained mutation: Your system is resistant to poisons. [potion of mutation]
  2010 | D:2      | Gained mutation: You evolve. [potion of mutation]
  2010 | D:2      | Gained mutation: You occasionally shout uncontrollably at your foes. [potion of mutation]
  2315 | D:3      | Reached XP level 4. HP: 24/24 MP: 15/17
  2319 | D:3      | Learned a level 2 spell: Repel Missiles
  2453 | D:3      | Slain by an orc

Action                   |  1- 3 |  4- 6 || total
-------------------------+-------+-------++-------
Melee: Unarmed           |     2 |       ||     2
 Fire: Hunting sling     |    13 |       ||    13
 Cast: Magic Dart        |    92 |    11 ||   103
       Call Imp          |     2 |       ||     2
       Mephitic Cloud    |     1 |     2 ||     3
       Repel Missiles    |       |     1 ||     1
  Use: Scroll            |    11 |       ||    11
       Potion            |     3 |       ||     3
  Eat: Chunk             |     4 |       ||     4
